 Dungeon Crawl Stone Soup version 0.20-a0-277-g7db01f4 (webtiles) character file.

5806 Leszczynek the Spear-Bearer (level 10, -2/94 HPs)
             Began as a Deep Dwarf Wanderer on Dec 12, 2016.
             Was a Follower of Makhleb.
             Slain by a wyvern (15 damage)
             ... on level 9 of the Dungeon.
             The game lasted 00:26:09 (6881 turns).

Leszczynek the Spear-Bearer (Deep Dwarf Wanderer)   Turns: 6881, Time: 00:26:10

Health: -2/94      AC: 17    Str: 15    XL:     10   Next: 50%
Magic:  11/11      EV: 12    Int: 14    God:    Makhleb [*.....]
Gold:   533        SH:  0    Dex: 11    Spells: 7/9 levels left

rFire  + . .     SeeInvis +     M - +0 halberd
rCold  . . .     Gourm    .     y - +0 ring mail
rNeg   + . .     Faith    .     (shield currently unavailable)
rPois  +         Spirit   .     K - +1 helmet {SInv}
rElec  .         Reflect  .     N - +2 cloak
rCorr  .         Harm     .     (no gloves)
MR     +....     Rnd*Rage +     L - +0 pair of boots
Stlth  +.........               (no amulet)
                                r - +5 ring of protection
                                m - ring of positive energy

@: non-regenerating
A: damage resistance, recharge devices, berserk 1, fire resistance 1, low mp 1,
sense surroundings 2, poison resistance, screaming 1, slow regeneration 3, weak
2, MP-powered wands
a: Device Recharging, Renounce Religion


You were on level 9 of the Dungeon.
You worshipped Makhleb.
Makhleb was aware of your devotion.
You were hungry.

You visited 2 branches of the dungeon, and saw 10 of its levels.

You collected 533 gold pieces.

Inventory:

Hand Weapons
 k - a +2 quarterstaff of chaos
 n - a +1 whip of holy wrath
 B - a +2 quarterstaff of speed
 E - a +0 hand axe
 J - a +2 vampiric spear
 M - a +0 halberd (weapon)
 O - a +0 short sword of electrocution
 V - a -1 glaive
Missiles
 s - 10 tomahawks of dispersal (quivered)
 U - 4 tomahawks
Armour
 y - a +0 ring mail (worn)
 K - a +1 helmet of see invisible (worn)
 L - a +0 pair of boots (worn)
 N - a +2 cloak (worn)
Jewellery
 m - a ring of positive energy (left hand)
 r - a +5 ring of protection (right hand)
 v - a +2 ring of protection
 G - an uncursed ring of magical power
Wands
 e - a wand of acid (1/15)
 g - a wand of heal wounds (1/9)
 z - a wand of iceblast (6/15)
 F - a wand of polymorph (10/24)
 H - a wand of polymorph (13/24)
Scrolls
 a - 2 scrolls of fear
 b - 3 scrolls of blinking
 c - 5 scrolls of teleportation
 f - a scroll of enchant armour {unknown}
 i - a scroll of amnesia {unknown}
 l - 4 scrolls of recharging
 o - 7 scrolls of remove curse
 t - a scroll of magic mapping {unknown}
 A - 2 scrolls of enchant weapon
 D - a scroll of fog {unknown}
 Q - 4 scrolls of random uselessness {unknown}
Potions
 h - 4 potions of curing
 j - a potion of haste
 u - a potion of invisibility
 w - a potion of ambrosia
 x - 3 potions of flight
 C - 2 potions of resistance
 I - 2 potions of brilliance {unknown}
 S - a potion of berserk rage {unknown}
 W - a potion of magic {unknown}
Books
 T - a book of Cantrips

   Spells                             Type                      Level
   a - Confusing Touch                Hexes                        1
   b - Animate Skeleton               Necromancy                   1
   c - Summon Small Mammal            Summoning                    1
   d - Apportation                    Translocation                1
Comestibles
 d - 3 bread rations
 p - 2 beef jerkies
 q - 6 meat rations
 R - 2 fruits


   Skills:
 - Level 7.1 Fighting
 - Level 5.0(9.4) Axes
 + Level 10.4(11.0) Polearms
 - Level 3.0(7.3) Staves
 - Level 1.0 Throwing
 - Level 5.0 Armour
 - Level 4.1 Dodging
 - Level 1.2 Stealth
 - Level 1.7 Unarmed Combat
 - Level 4.1 Evocations


You had 7 spell levels left.
You knew the following spells:

 Your Spells              Type           Power        Failure   Level  Hunger
a - Animate Skeleton      Necr           N/A          56%         1    ##.....
b - Apportation           Tloc           #.........   56%         1    ##.....


Dungeon Overview and Level Annotations

Branches:
Dungeon (9/15)             Temple (1/1) D:7
   Lair: D:8-11         Orc: D:9-12

Altars:
Fedhas
Kikubaaqudgha
Makhleb
Nemelex Xobeh
Okawaru
Ru
Yredelemnul
Zin

Annotations:
D:4 hippogriff


Innate Abilities, Weirdness & Mutations

You are resistant to damage.
You can recharge devices by infusing magical energy.
You passively map the area around you.
You do not regenerate.
You tend to lose your temper in combat.
Your flesh is heat resistant. (rF+)
Your magical capacity is low. (-10% MP)
Your system is resistant to poisons. (rPois)
You occasionally shout uncontrollably at your foes.
You are very weak. (Str -4)
You expend magic power (3 MP) to strengthen your wands.


Message History

The wyvern is almost dead.
The wyvern bites you but does no damage. x2
You barely miss the wyvern.
The wyvern is almost dead.
The wyvern barely misses you.
You closely miss the wyvern.
The wyvern is almost dead.
The wyvern bites you but does no damage.
The wyvern completely misses you.
You barely miss the wyvern.
The wyvern is almost dead.
The wyvern bites you but does no damage.
You hit the wyvern but do no damage.
The wyvern is almost dead.
The wyvern bites you!
* * * LOW HITPOINT WARNING * * *
You barely miss the wyvern.
The wyvern is almost dead.
The wyvern bites you!
You die...

, , , , , ,,
, ,* , , , ,
*, , , , * ,
,, * ,.## ,
* , , ,....
, ,, , , ,
..... , ,
#....##### ,
, * , ,
#....l@..#,*
* , *
#....###.# ,
*, , , ,
#... #<# *
#.. , ### **
* * *,, * +.
,,+, , * # ,
* * * , ** *
,,,, ,, , ,*
, **, , ,,
,* , * + ,
** ,


You could see a wyvern.

Vanquished Creatures
  Pikel (D:8)
  The ghost of anet the Magician, a novice DEWz (D:5)
  Joseph (D:8)
  Prince Ribbit (D:5)
  2 hippogriffs (D:8)
  Sigmund (D:2)
  A wyvern (D:8)
  Eustachio (D:4)
  Grum (D:8)
  Menkaure (D:4)
  Duvessa (D:7)
  2 ice beasts (D:8)
  2 orc warriors (D:7)
  A slave (D:8)
  A phantom (D:5)
  A necrophage (D:7)
  An ogre (D:5)
  2 centaurs (D:6)
  4 wolves (D:8)
  A bullfrog (D:7)
  6 big kobolds
  Dowan (D:7)
  4 scorpions
  4 wights (D:8)
  2 howler monkeys
  4 electric eels (D:6)
  An orc priest (D:6)
  7 orc wizards
  Crazy Yiuf (D:4)
  3 bullfrog skeletons
  2 hounds
  A centaur skeleton (D:4)
  Terence (D:3)
  Jessica (D:3)
  An iguana (D:5)
  Natasha (thrice) (D:4)
  10 worker ants
  A hound zombie (D:7)
  Robin (D:4)
  6 gnolls
  An adder (D:2)
  A shadow imp (D:5)
  3 oozes
  An adder zombie (D:5)
  An adder skeleton (D:5)
  3 worms
  3 dart slugs
  5 leopard geckos
  13 orcs
  4 giant cockroaches
  16 goblins
  14 hobgoblins
  10 jackals
  3 quokkas (D:3)
  2 ball pythons (D:1)
  5 bats
  3 frilled lizards (D:1)
  42 kobolds
  A quokka skeleton (D:5)
  6 rats
224 creatures vanquished.

Vanquished Creatures (others)
  An orc (D:7)
  A kobold (D:8)
2 creatures vanquished.

Grand Total: 226 creatures vanquished

Notes
Turn   | Place    | Note
-------+----------+-------------------------------------------
     0 | D:1      | Leszczynek the Deep Dwarf Wanderer began the quest for the Orb.
     0 | D:1      | Leszczynek set off with: a scroll of fear, a scroll of blinking, a scroll of teleportation, a bread ration, a +0 robe, a +0 club, a wand of heal wounds (5/9), a potion of curing
     0 | D:1      | Reached XP level 1. HP: 24/24 MP: 1/1
     0 | D:1      | stats 15/13/11 (+4/+5/+3)
     0 | D:1      | and 4.5 in fighting
     0 | D:1      | and ?fear, ?blink, ?tele
     0 | D:1      | it'd be embarassing to fuck this up
    61 | D:1      | Reached skill level 1 in Dodging
   121 | D:1      | Reached XP level 2. HP: 15/31 MP: 2/2
   126 | D:1      | Reached skill level 2 in Dodging
   318 | D:1      | Reached XP level 3. HP: 16/37 MP: 3/3
   366 | D:1      | Reached skill level 3 in Dodging
  1027 | D:2      | Noticed Sigmund
  1038 | D:2      | Killed Sigmund
  1038 | D:2      | Reached skill level 4 in Armour
  1038 | D:2      | Reached XP level 4. HP: 32/45 MP: 4/4
  1038 | D:2      | Reached XP level 5. HP: 37/51 MP: 5/5
  1256 | D:3      | Reached skill level 5 in Armour
  1338 | D:3      | Found a sacrificial altar of Ru.
  1438 | D:3      | Noticed Terence
  1456 | D:3      | Killed Terence
  1548 | D:3      | Reached XP level 6. HP: 28/60 MP: 6/6
  1704 | D:3      | Reached skill level 1 in Axes
  1754 | D:3      | Noticed Jessica
  1756 | D:3      | Killed Jessica
  2089 | D:4      | Reached skill level 2 in Axes
  2102 | D:4      | Noticed Natasha
  2131 | D:4      | Killed Natasha
  2131 | D:4      | Reached skill level 3 in Axes
  2138 | D:4      | Noticed Natasha
  2166 | D:4      | Killed Natasha
  2210 | D:4      | Noticed Eustachio
  2230 | D:4      | Killed Eustachio
  2230 | D:4      | Reached skill level 5 in Axes
  2230 | D:4      | Reached XP level 7. HP: 41/66 MP: 7/7
  2333 | D:4      | Noticed Menkaure
  2349 | D:3      | Reached skill level 1 in Polearms
  2363 | D:4      | Killed Menkaure
  2363 | D:4      | Reached skill level 2 in Polearms
  2407 | D:4      | Noticed Natasha
  2416 | D:4      | Killed Natasha
  2476 | D:4      | Noticed Robin
  2476 | D:4      | how many uniques does this floor have
  2505 | D:4      | Reached skill level 3 in Polearms
  2528 | D:4      | Killed Robin
  2801 | D:4      | Found a runed door.
  2805 | D:4      | Noticed Crazy Yiuf
  2813 | D:4      | Killed Crazy Yiuf
  2924 | D:4      | Noticed a hippogriff
  2925 | D:4      | wut
  3022 | D:5      | Entered Level 5 of the Dungeon
  3134 | D:5      | Found an iron altar of Okawaru.
  3215 | D:5      | Reached skill level 4 in Polearms
  3215 | D:5      | Reached XP level 8. HP: 67/73 MP: 8/8
  3229 | D:5      | Noticed anet's ghost (novice DEWz)
  3246 | D:6      | Noticed Prince Ribbit
  3474 | D:5      | Killed anet's ghost
  3474 | D:5      | Reached skill level 6 in Polearms
  3503 | D:5      | Found an ancient bone altar of Kikubaaqudgha.
  3674 | D:5      | Found a sparkling altar of Nemelex Xobeh.
  3728 | D:5      | Killed Prince Ribbit
  3728 | D:5      | Reached skill level 7 in Polearms
  3931 | D:5      | Identified the cursed +1 spear of Fragile Peace {flame, Dex+2} (You found it on level 5 of the Dungeon)
  4054 | D:6      | Reached skill level 8 in Polearms
  4072 | D:6      | Gained mutation: You passively map the area around you. [Deep Dwarf growth]
  4072 | D:6      | Reached XP level 9. HP: 75/80 MP: 9/9
  4130 | D:6      | Reached skill level 5 in Fighting
  4585 | D:6      | Found a basalt altar of Yredelemnul.
  4727 | D:6      | Reached skill level 9 in Polearms
  4749 | D:6      | Reached skill level 1 in Evocations
  4796 | D:6      | Reached skill level 2 in Evocations
  4944 | D:6      | Reached skill level 3 in Evocations
  5010 | D:7      | Found a glowing silver altar of Zin.
  5105 | D:7      | Reached skill level 4 in Evocations
  5212 | D:7      | Found a staircase to the Ecumenical Temple.
  5217 | Temple   | Entered the Ecumenical Temple
  5248 | Temple   | Became a worshipper of Makhleb the Destroyer
  5260 | D:7      | Noticed Duvessa
  5260 | D:7      | Noticed Dowan
  5294 | D:7      | Killed Duvessa
  5301 | D:7      | Killed Dowan
  5466 | D:7      | Reached skill level 10 in Polearms
  5764 | D:7      | Gained mutation: Your flesh is heat resistant. (rF+) [potion of mutation]
  5764 | D:7      | Gained mutation: You are weak. (Str -2) [potion of mutation]
  5764 | D:7      | Gained mutation: You are very weak. (Str -4) [potion of mutation]
  5765 | D:7      | Gained mutation: Your system is resistant to poisons. (rPois) [potion of mutation]
  5765 | D:7      | Gained mutation: You occasionally shout uncontrollably at your foes. [potion of mutation]
  5765 | D:7      | Gained mutation: Your magical capacity is low. (-10% MP) [potion of mutation]
  5766 | D:7      | Gained mutation: You expend magic power (3 MP) to strengthen your wands. [potion of mutation]
  5766 | D:7      | Gained mutation: You tend to lose your temper in combat. [potion of mutation]
  5815 | D:8      | Noticed Joseph
  5833 | D:8      | Killed Joseph
  5927 | D:8      | Reached skill level 6 in Fighting
  5959 | D:8      | Reached XP level 10. HP: 77/91 MP: 11/11
  5989 | D:8      | Noticed Pikel
  6050 | D:8      | Killed Pikel
  6224 | D:8      | Reached skill level 7 in Fighting
  6239 | D:8      | Learned a level 1 spell: Animate Skeleton
  6241 | D:8      | Learned a level 1 spell: Apportation
  6311 | D:8      | Reached skill level 4 in Dodging
  6364 | D:8      | Reached skill level 1 in Staves
  6377 | D:8      | Reached skill level 2 in Staves
  6447 | D:8      | Reached * piety under Makhleb
  6447 | D:8      | Reached skill level 3 in Staves
  6467 | D:8      | Noticed Grum
  6537 | D:8      | Killed Grum
  6802 | D:8      | Found a blossoming altar of Fedhas.
  6881 | D:9      | Slain by a wyvern

Vault maps used:
D:1:      dpeg_arrival_long_road
D:2:      first_bread, uniq_sigmund
D:3:      marbit_many_paths, kennysheep_jessica_study, uniq_jessica,
          uniq_terence
D:4:      uniq_robin, uniq_eustachio, uniq_crazy_yiuf_cottage, uniq_menkaure,
          uniq_natasha
D:5:      okawaru_ov_weapons_minmay, nemelex_xobeh_ov_fountains_minmay,
          kiku_gazebo_pond_becter
D:6:      minmay_goblin_kobold_castle, nicolae_overflow_crystal_walls,
          uniq_prince_ribbit1
D:7:      zin_statuary, uniq_duvessa
D:8:      lemuel_crystal_altar, uniq_pikel, uniq_joseph, uniq_grum
D:9:      lemuel_round_altar, grunt_livestock
Temple:   nicolae_temple_figure_eight

Skill      XL: |  1  2  3  4  5  6  7  8  9 10 |
---------------+-------------------------------+-----
Dodging        | 1 2 3 4 |  4.1
Armour         | 4 5 |  5.0
Axes           | 5 |  5.0
Polearms       | 4 8 10 | 10.4
Fighting       | 6 7 |  7.1
Evocations     | 4 |  4.1
Staves         | 3 |  3.0
Throwing       | |  1.0
Stealth        | |  1.2
Unarmed Combat | |  1.7

Action                   |  1- 3 |  4- 6 |  7- 9 | 10-12 || total
-------------------------+-------+-------+-------+-------++-------
Melee: Short sword       |    88 |       |       |    13 ||   101
       Club              |    15 |       |       |       ||    15
       Punch             |     1 |       |     6 |       ||     7
       Quarterstaff      |    32 |   158 |    11 |    92 ||   293
       Spear             |       |    14 |   824 |    91 ||   929
       Halberd           |       |       |       |    53 ||    53
Throw: Tomahawk          |       |       |     1 |       ||     1
Evoke: Wand              |     1 |     2 |     4 |     6 ||    13
  Use: Scroll            |     3 |     1 |     7 |     1 ||    12
       Potion            |     1 |       |     3 |       ||     4
  Eat: Chunk             |     1 |     4 |    11 |     3 ||    19
       Beef jerky        |       |     2 |       |       ||     2
       Pizza             |       |     1 |     1 |       ||     2
       Bread ration      |       |       |     1 |       ||     1
Armor: Scale mail        |    32 |       |       |       ||    32
       Robe              |     3 |       |       |       ||     3
       Ring mail         |     6 |    94 |   250 |   108 ||   458
Dodge: Dodged            |    71 |   116 |   319 |   125 ||   631
